 Seeded DCSS version 0.27.1-37-g7b29ead8ac (console) character file.

Game seed: 6275522714680253129 (custom seed)

148041 grimtooth the Warrior (level 17, -8/191 HPs)
             Began as an Ogre Berserker on Mar 14, 2023.
             Was a High Priest of Trog.
             Mangled by a naga warrior (78 damage)
             ... on level 4 of the Snake Pit.
             The game lasted 03:11:35 (54320 turns).

grimtooth the Warrior (Ogre Berserker)             Turns: 54320, Time: 03:11:35

Health: -8/191     AC: 14    Str: 32    XL:     17   Next: 48%
Magic:  17/17      EV: 12    Int: 10    God:    Trog [*****.]
Gold:   3512       SH:  0    Dex: 10    Spells: 16/16 levels left

rFire    . . .     SeeInvis .   b - +4 eveningstar (vorpal)
rCold    + . .     Faith    +   P - +2 kite shield {rPois}
rNeg     + + .     Spirit   .   d - +0 acid dragon scales
rPois    +         Reflect  .   G - +2 hood of the Assassin {Detection Stab+ Stlth++}
rElec    .         Harm     .   Q - +2 cloak {rCorr}
rCorr    +         Rampage  .   (gloves unavailable)
Will     +....                  (boots unavailable)
Stlth    ++++......             h - amulet of faith
HPRegen  0.41/turn              l - ring of the Wizarding Madman {+Blink rC+ rN++ rCorr Int-4}
MPRegen  0.15/turn              w - ring of Zoathen {Str+4 Int+6 Stlth+}

@: lethally poisoned (-8 -> -16), sleeping, studying Throwing
A: large, unfitting armour, tough skin 1
a: Renounce Religion, Evoke Blink, Berserk, Trog's Hand, Brothers in Arms


You were on level 4 of the Snake Pit.
You worshipped Trog.
Trog was extremely pleased with you.
You visited 4 branches of the dungeon, and saw 27 of its levels.
You also visited: Sewer, Bailey, Gauntlet and Ice Cave.

You collected 4571 gold pieces.
You spent 1059 gold pieces at shops.

Inventory:

Hand Weapons
 a - the +8 hand axe of Vanity {speed, Will+ Str+4 Dex+4}
   (You found it on level 5 of the Dungeon)

   Attacks with this weapon are significantly faster.
   Str:       It affects your strength (+4).
   Dex:       It affects your dexterity (+4).
   Will:      It increases your willpower.
 b - a +4 vorpal eveningstar (weapon)
 f - a +6 war axe of flaming
Missiles
 c - 69 boomerangs (quivered)
 i - 9 large rocks
 k - 8 throwing nets {=f}
 B - 11 poisoned darts
 L - 6 javelins
 O - 2 curare-tipped darts
Armour
 d - +0 acid dragon scales (worn)
 g - a +1 kite shield of protection
 G - the +2 hood of the Assassin (worn) {Detection Stab+ Stlth++}
   (You found it in a Gauntlet)

   It allows the wearer to sense nearby creatures.
   It allows the wearer to make particularly effective stabbing attacks against
   helpless or unaware enemies with any weapon.
   Stlth:     It makes you much more stealthy.
 P - a +2 kite shield of poison resistance (worn)
 Q - a +2 cloak of preservation (worn)
Jewellery
 h - an amulet of faith (around neck)
 l - the ring of the Wizarding Madman (left hand) {+Blink rC+ rN++ rCorr Int-4}
   (You acquired it on level 14 of the Dungeon)

   [ring of resist corrosion]

   Int:       It affects your intelligence (-4).
   rC:        It protects you from cold.
   rN:        It greatly protects you from negative energy.
   +Blink:    It lets you blink.
   rCorr:     It protects you from acid and corrosion.
 v - a +6 ring of dexterity
 w - the ring of Zoathen (right hand) {Str+4 Int+6 Stlth+}
   (You found it on level 3 of the Lair of Beasts)

   [ring of intelligence]

   Str:       It affects your strength (+4).
   Int:       It affects your intelligence (+6).
   Stlth:     It makes you more stealthy.
 y - the ring "Naosojau" {Contam rElec rPois rN++ Int+6}
   (You found it in a Gauntlet)

   [ring of intelligence]

   Int:       It affects your intelligence (+6).
   rElec:     It insulates you from electricity.
   rPois:     It protects you from poison.
   rN:        It greatly protects you from negative energy.
   Contam:    It causes magical contamination when unequipped.
 N - a ring of protection from cold
 U - a ring of see invisible
Wands
 q - a wand of acid (3)
 r - a wand of polymorph (12)
 A - a wand of paralysis (18)
 C - a wand of mindburst (4)
 H - a wand of iceblast (5)
 R - a wand of flame (30)
Scrolls
 e - 10 scrolls of teleportation
 n - 4 scrolls of magic mapping
 p - a scroll of brand weapon
 t - 4 scrolls of fear
 D - 4 scrolls of fog
 I - 4 scrolls of summoning
 M - 3 scrolls of vulnerability
 S - 5 scrolls of blinking
 Y - 7 scrolls of identify {@r4}
Potions
 j - 5 potions of curing
 m - 4 potions of invisibility
 o - 7 potions of haste
 s - a potion of cancellation
 u - 5 potions of might
 x - 3 potions of resistance
 F - 5 potions of magic
 J - a potion of heal wounds
 T - 7 potions of flight
Miscellaneous
 z - a box of beasts
 E - a lightning rod (4/4)
 K - a phantom mirror
 X - a condenser vane


   Skills:
 + Level 17.2 Fighting
 - Level 10.4(13.9) Axes
 - Level 14.0(15.0) Maces & Flails
 - Level 9.0 Throwing
 - Level 9.0 Armour
 - Level 9.0 Dodging
 - Level 9.0 Shields
 - Level 9.0 Evocations


You had 16 spell levels left.
You didn't know any spells.
Your spell library was empty.

Dungeon Overview and Level Annotations

Branches:
Dungeon (15/15)            Temple (0/1) D:4            Lair (6/6) D:11
 Shoals (0/4) Lair:3        Snake (4/4) Lair:4          Orc (2/2) D:9
    Elf (0/3) Orc:2        Vaults (0/5) D:14          Sewer (visited)
 Bailey (visited)           IceCv (visited)         Gauntlet (visited)
  Slime: Lair:5-6    Depths: D:15

Altars:
Hepliaklqana
Kikubaaqudgha
Makhleb
Qazlal
Ru
Uskayaw
Zin
Beogh

Shops:
D:7 (*[(*   D:8 ?   D:9 [(   Orc:1 (=   Orc:2 *(:[:   Snake:3 ![

Portals:
Trove: D:12 (give +6 demon whip)

Annotations:
D:9 1 runed translucent door
D:11 exclusion: ice statue
Lair:2 exclusion: oklob plant
Lair:4 2 transporters, exclusion: hydra
Lair:5 exclusion: 3 oklob plants
Snake:1 Jorgrun
Snake:2 2 transporters, exclusion: 2 naga sharpshooters, 0gre's ghost, adept GnIE
Snake:4 Aizul


Innate Abilities, Weirdness & Mutations

You are too large for most types of armour.
You have tough skin. (AC +1)


Message History

The naga warrior spits poison at you.
The splash of poison hits you but does no damage.
You are poisoned.
You resist. You block Aizul's attack.
You closely miss Aizul.
Aizul is severely wounded.
You feel sick. You block Aizul's attack.
You closely miss Aizul.
Aizul is severely wounded.
You feel sick. Aizul closely misses you.
Your acid dragon scales prevents you from hitting Aizul.
Aizul is severely wounded.
You feel sick. You block Aizul's attack.
A naga comes into view. It is wielding a +0 scimitar.
The naga warrior hits you with a +0 scimitar!!
The naga warrior completely misses you.
You miss Aizul.
Aizul is severely wounded.
Your skin stops crawling.
You feel less strong-willed.
You feel sick. Aizul hits you. The naga warrior spits poison at you.
The splash of poison hits you. You resist.
You closely miss Aizul.
Aizul is severely wounded.
Aizul coils herself and waves her upper body at you.
The poison arrow hits you!!
You are more poisoned.
You partially resist.
You barely miss Aizul.
Aizul is severely wounded.
You feel very sick.
Aizul coils herself and waves her upper body at you.
You block the poison arrow. You block the naga warrior's attack. x2
You closely miss Aizul.
Aizul is severely wounded.
You feel very sick.
Aizul coils herself and waves her upper body at you.
You fall asleep.
The naga warrior hits you with a +0 scimitar!!!!
You die...

###........### #.#
###..#####...###.# .###.##
##.......# .###..###..##....#
..##.....^.###...#
#.##.......##....# ########
#.........##..#########......####
#.######......###................
.## #......##................. ##
##.......#NS...N........).. #
#..#...#..@#####.....).((). ###
##.###...#..# ###......###
..####..####..##.# ########
.........# #...#.#
.####....###.....#
.#####....##.....#
...........#..#..#
.)..#..##......#)###############
.#####.##..###.....#).......##.#
#.# ##..#..# ##....).......###.##
#.###...#.## ##...###.....# #..#


You could see Aizul, a naga warrior and a naga.

Vanquished Creatures
  Rupert (Orc:2)
  A nagaraja (Snake:4)
  A frost giant (IceCv)
  2 orc warlords
  A white draconian (IceCv)
  Josephine (D:13)
  8 boulder beetles
  A rakshasa (D:13)
  2 catoblepae
  4 vault guards (D:14)
  6 hydras
  6 naga warriors
  5 centaur warriors
  6 anacondas
  An alligator (Lair:6)
  5 two-headed ogres
  A tengu warrior (D:14)
  An orc high priest (Orc:2)
  A shock serpent (Snake:4)
  6 naga sharpshooters
  Urug (Orc:2)
  Sonja (D:11)
  Nergalle (D:11)
  2 sixfirhies (Gauntlet)
  A shadow wraith (D:14)
  7 skeletal warriors (D:14)
  3 wizards
  An orange crystal statue (IceCv)
  3 naga ritualists
  Pikel (D:7)
  A swamp dragon (Lair:6)
  2 lindwurms
  3 orc knights
  5 mana vipers
  2 deep elf pyromancers
  A salamander (shapeshifter) (D:11)
  22 ugly things
  5 salamanders (Snake:3)
  3 orc sorcerers (Orc:2)
  4 manticores
  18 black mambas
  A centaur zombie (D:10)
  2 cyclopes
  3 merfolk sirens (Lair:3)
  6 elephants
  A guardian serpent (Snake:2)
  9 naga magi
  2 gargoyles
  Maggie (Lair:1)
  9 komodo dragons
  12 cane toads
  21 rime drakes
  An efreet (D:13)
  2 kobold demonologists (D:12)
  A guardian mummy (D:12)
  A tengu conjurer (D:14)
  24 polar bears
  8 trolls
  5 blink frogs (Lair:2)
  A merfolk (Lair:3)
  4 raiju (Lair:6)
  11 slime creatures
  6 dream sheep (Lair:6)
  A meliai zombie (D:7)
  3 shadows
  6 wyverns
  41 yaks
  5 wraiths
  A tarantella (shapeshifter) (D:14)
  A vampire (D:11)
  6 basilisks
  A steam dragon (Lair:6)
  7 vampire mosquitoes
  5 large abominations (D:10)
  6 wargs
  6 acid dragons
  38 nagas
  13 water moccasins
  Edmund (D:6)
  13 hell hounds (Lair:6)
  7 small abominations (D:10)
  A black bear (shapeshifter) (D:14)
  25 orc warriors
  An ice beast (D:5)
  23 black bears
  5 ogres
  4 boggarts (D:14)
  28 wolves
  10 centaurs
  4 phantoms
  6 kobold brigands
  9 bullfrogs
  4 gnoll sergeants
  A wyvern zombie (D:7)
  9 wights
  4 killer bees
  2 water moccasin skeletons (D:6)
  8 howler monkeys
  An electric eel (Lair:2)
  2 lava snakes (D:14)
  A bullfrog zombie (D:6)
  A jelly (D:6)
  A bullfrog skeleton (D:5)
  16 orc priests
  4 hounds
  2 centaur skeletons (D:7)
  A gnoll shaman (D:6)
  3 iron imps (D:6)
  8 iguanas
  A scorpion zombie (D:5)
  24 orc wizards
  5 hell rats (Lair:5)
  A hound skeleton (D:5)
  A howler monkey zombie (D:9)
  A howler monkey skeleton (D:5)
  9 adders
  24 gnolls
  8 river rats
  A shadow imp (D:4)
  3 white imps
  5 ufetubi
  4 worms
  4 dart slugs
  46 orcs
  12 ball pythons
  6 bats
  6 endoplasms
  2 giant cockroaches
  7 goblins
  10 hobgoblins
  7 jackals
  40 kobolds
  3 quokkas
  3 frilled lizards
  24 rats
  A butterfly (Lair:3)
881 creatures vanquished.

Vanquished Creatures (collateral kills)
  A frost giant (IceCv)
  A minotaur (Gauntlet)
  A fire dragon (Lair:6)
  Harold (D:8)
  3 hydras
  A centaur warrior (D:9)
  A rime drake (IceCv)
  2 orcs (Orc:2)
11 creatures vanquished.

Vanquished Creatures (others)
  A naga warrior (Snake:4)
  A rime drake (IceCv)
  53 fungi
  103 plants
  7 withered plants (D:15)
165 creatures vanquished.

Grand Total: 1057 creatures vanquished

Notes
Turn   | Place    | Note
-------+----------+-------------------------------------------
     0 | D:1      | grimtooth the Ogre Berserker began the quest for the Orb.
     0 | D:1      | Reached XP level 1. HP: 24/24 MP: 1/1
   215 | D:1      | Reached XP level 2. HP: 32/32 MP: 2/2
   234 | D:1      | Found a faded altar of an unknown god.
   235 | D:1      | Noticed an eye of devastation
   238 | D:1      | Noticed an eye of devastation
   641 | D:1      | Noticed a shining eye
   649 | D:1      | Noticed a great orb of eyes
  1357 | D:2      | Reached XP level 3. HP: 40/40 MP: 3/3
  1815 | D:2      | Reached ** piety under Trog
  1898 | D:2      | Reached XP level 4. HP: 46/49 MP: 4/4
  2068 | D:3      | Reached skill level 5 in Fighting
  2299 | D:3      | Found a sacrificial altar of Ru.
  2406 | D:3      | Noticed a water moccasin
  2416 | D:3      | Killed a water moccasin
  2417 | D:3      | Reached skill level 5 in Axes
  2417 | D:3      | Reached XP level 5. HP: 31/59 MP: 5/5
  2967 | D:3      | Found a stormy altar of Qazlal.
  2969 | D:3      | Noticed an air elemental
  2970 | D:3      | Noticed a water elemental
  2970 | D:3      | Noticed a fire elemental
  3183 | D:3      | Found a glowing silver altar of Zin.
  3547 | D:4      | Reached XP level 6. HP: 55/67 MP: 6/6
  3552 | D:4      | HP: 3/67 [poisoned by an adder]
  3875 | D:4      | Reached skill level 6 in Fighting
  4318 | D:4      | Reached XP level 7. HP: 76/76 MP: 7/7
  4623 | D:4      | Found a staircase to the Ecumenical Temple.
  4676 | D:4      | Reached skill level 7 in Fighting
  5008 | D:5      | Entered Level 5 of the Dungeon
  5047 | D:5      | Reached *** piety under Trog
  5540 | D:5      | - whoops
  5547 | D:5      | Reached XP level 8. HP: 51/88 MP: 8/8
  5580 | D:5      | Found a glowing drain.
  5592 | Sewer    | Entered a sewer
  5992 | Sewer    | Reached skill level 8 in Fighting
  6507 | Sewer    | Reached **** piety under Trog
  7360 | D:5      | Reached skill level 9 in Fighting
  7786 | D:5      | Reached skill level 10 in Fighting
  8139 | D:5      | Reached XP level 9. HP: 99/101 MP: 9/9
  8446 | D:5      | Reached ***** piety under Trog
  8581 | D:5      | Reached skill level 11 in Fighting
  8982 | D:5      | Identified the +8 hand axe of Vanity {speed, Will+ Str+4
                  | Dex+4}
  9183 | D:6      | Found a hazy altar of Hepliaklqana.
  9244 | D:6      | Noticed Edmund
  9256 | D:6      | Killed Edmund
  9283 | D:6      | Found a burning altar of Makhleb.
  9294 | D:6      | Reached skill level 12 in Fighting
  9584 | D:6      | You fall into a shaft and drop 3 floors!
  9983 | D:9      | Reached skill level 13 in Fighting
 10022 | D:8      | Noticed Harold
 10224 | D:8      | Found Xeel's Magic Scroll Shoppe.
 10228 | D:8      | Bought a scroll of identify for 32 gold pieces
 10228 | D:8      | Bought a scroll of identify for 32 gold pieces
 10228 | D:8      | Bought a scroll of identify for 32 gold pieces
 10302 | D:7      | Found Haentyck's General Store.
 10330 | D:7      | Found Egoig's Armour Boutique.
 10340 | D:7      | Reached skill level 14 in Fighting
 10340 | D:7      | Reached XP level 10. HP: 62/122 MP: 10/10
 10638 | D:7      | Noticed Pikel
 10653 | D:7      | Killed Pikel
 11183 | D:6      | Received a gift from Trog
 11754 | D:7      | Found Luzung Pujo's Antique Weapon Shoppe.
 11763 | D:7      | Found Xiricw's General Store.
 12221 | D:7      | Identified the +11 long sword "Grim Tooth" {vorpal, rElec}
 12241 | D:7      | Found Zanu's Antique Weapon Boutique.
 12304 | D:7      | Bought the +2 robe "Vorosaq" {SInv} for 306 gold pieces
 12484 | D:8      | Reached skill level 1 in Maces & Flails
 13270 | D:8      | Reached skill level 5 in Dodging
 13495 | D:8      | Killed Harold
 13761 | D:9      | Found a runed translucent door.
 13797 | D:9      | Noticed a centaur warrior
 14118 | D:9      | Reached skill level 15 in Fighting
 14429 | D:9      | Found Sutuananlu's Weapon Emporium.
 14429 | D:9      | Found a staircase to the Orcish Mines.
 14429 | D:9      | Found Kuselor's Armour Emporium.
 14451 | D:9      | Noticed a five-headed hydra
 14936 | D:9      | Killed a five-headed hydra
 14937 | D:9      | Reached XP level 11. HP: 130/132 MP: 11/11
 14954 | D:9      | Killed a centaur warrior
 15065 | D:9      | Identified the +2 morningstar "Arbiter" {spect, rPois rC-
                  | Str+3}
 15065 | D:9      | Noticed a yaktaur captain
 15065 | D:9      | Noticed a harpy
 15108 | D:10     | Entered Level 10 of the Dungeon
 15237 | D:10     | Found a hide-covered altar of Uskayaw.
 15330 | D:10     | Identified the +3 executioner's axe of Outrage {vorpal,
                  | *Noise rF+ Dex+3} (Trog gifted it to you on level 10 of the
                  | Dungeon)
 15330 | D:10     | Received a gift from Trog
 15913 | D:10     | Noticed a wizard
 15929 | D:10     | Killed a wizard
 15938 | D:10     | Noticed a large abomination
 15938 | D:10     | Noticed a large abomination
 15964 | D:10     | Killed a large abomination
 16038 | D:10     | Killed a large abomination
 16039 | D:10     | Reached skill level 5 in Maces & Flails
 16439 | D:10     | Identified the +6 trident of Valiance {holy, Dex+3}
 16716 | D:11     | Found a staircase to the Lair.
 17109 | D:11     | Noticed Sonja
 17122 | D:11     | Killed Sonja
 17558 | D:11     | Noticed Nergalle
 17591 | D:11     | Killed Nergalle
 17592 | D:11     | Reached XP level 12. HP: 131/141 MP: 12/12
 17849 | D:11     | Noticed a boulder beetle
 17849 | D:11     | Noticed a boulder beetle
 17998 | D:11     | Reached skill level 1 in Evocations
 18508 | D:11     | Noticed a boulder beetle
 18673 | D:11     | Killed a boulder beetle
 18699 | D:11     | Noticed a boulder beetle
 18709 | D:11     | Killed a boulder beetle
 18751 | D:11     | Killed a boulder beetle
 18973 | D:11     | Killed a boulder beetle
 19442 | D:11     | Reached skill level 5 in Evocations
 19824 | Lair:1   | Entered Level 1 of the Lair of Beasts
 20120 | Lair:1   | Found a burning altar of Makhleb.
 21621 | Lair:1   | Noticed Maggie
 21650 | Lair:1   | Reached XP level 13. HP: 121/149 MP: 13/13
 22125 | Lair:1   | Killed Maggie
 22814 | Lair:2   | Identified the amulet of the Lumpy Stars {Reflect Harm
                  | SH+5}
 23403 | Lair:2   | Reached skill level 10 in Maces & Flails
 24015 | Lair:2   | Identified the +2 leather armour "Denuh" {rCorr}
 24959 | Lair:3   | Found a sacrificial altar of Ru.
 24968 | Lair:3   | Received a gift from Trog
 25109 | Lair:3   | Identified the ring of Zoathen {Str+4 Int+6 Stlth+}
 25168 | Lair:3   | Found a staircase to the Shoals.
 25493 | Lair:3   | Reached skill level 1 in Armour
 26023 | Lair:4   | Found a transporter.
 26042 | Lair:4   | Found a transporter.
 26498 | Lair:4   | Found a staircase to the Snake Pit.
 27528 | Lair:5   | Reached XP level 14. HP: 47/159 MP: 14/14
 28261 | Lair:5   | Reached skill level 5 in Armour
 28422 | Lair:5   | You fall into a shaft and drop 1 floor!
 28422 | Lair:6   | Entered Level 6 of the Lair of Beasts
 29317 | Lair:5   | Paralysed by a floating eye for 3 turns
 31066 | Lair:6   | Reached skill level 1 in Throwing
 32907 | Lair:6   | Reached skill level 5 in Throwing
 35363 | Orc:1    | Entered Level 1 of the Orcish Mines
 35363 | Orc:1    | Found Kagug's Jewellery Emporium.
 35718 | Orc:1    | Found Zyoffey's Weapon Shop.
 35978 | Orc:2    | Entered Level 2 of the Orcish Mines
 36043 | Orc:2    | Noticed Rupert
 36054 | Orc:2    | Killed Rupert
 36060 | Orc:2    | Found a gate leading to a gauntlet.
 36082 | Gauntlet | Entered a Gauntlet
 36082 | Gauntlet | Found a runed translucent door.
 36082 | Gauntlet | Found a transporter.
 36082 | Gauntlet | Found a runed translucent door.
 36089 | Gauntlet | Found a transporter.
 36091 | Gauntlet | Found a transporter.
 36099 | Gauntlet | Found a transporter.
 36101 | Gauntlet | Found a transporter.
 36122 | Gauntlet | Found a transporter.
 36126 | Gauntlet | Noticed a dire elephant
 36129 | Gauntlet | Found a transporter.
 36133 | Gauntlet | Found a transporter.
 36151 | Gauntlet | Found the +7 lajatang of Order {silver, rMut}
 36153 | Gauntlet | Found a transporter.
 36157 | Gauntlet | Found a transporter.
 36158 | Gauntlet | Noticed an entropy weaver
 36178 | Gauntlet | Found a transporter.
 36180 | Gauntlet | Found a transporter.
 36205 | Gauntlet | Found a runed translucent door.
 36209 | Gauntlet | Found a transporter.
 36215 | Gauntlet | Found a transporter.
 36601 | Gauntlet | Identified the ring "Naosojau" {Contam rElec rPois rN++
                  | Int+6}
 36621 | Gauntlet | Found the +2 hood of the Assassin {Detection Stab+ Stlth++}
 36621 | Gauntlet | Identified the +3 flail of Supply {venom, Stlth+}
 36621 | Gauntlet | Identified the +4 scale mail "Fisem" {rPois SInv}
 36679 | Gauntlet | Identified the +1 troll leather armour of Pigampos {rPois
                  | Regen+ MP+9 Str-2}
 36750 | Orc:1    | Reached XP level 15. HP: 101/167 MP: 15/15
 37238 | Orc:2    | Received a gift from Trog
 37917 | Orc:2    | Found a staircase to the Elven Halls.
 37947 | Orc:2    | Found Fudogit's Book Shoppe.
 38042 | Orc:2    | Noticed an orc warlord
 38084 | Orc:2    | Killed an orc warlord
 38097 | Orc:2    | Noticed Urug
 38099 | Orc:2    | - man urug has the nicest weapons
 38447 | Orc:2    | Killed Urug
 38473 | Orc:2    | Found Raagecwu's Antique Weapon Shop.
 38524 | Orc:2    | Received a gift from Trog
 38553 | Orc:2    | Found Rifenuk's Antique Armour Shop.
 38867 | Orc:2    | Found Weucetwe's Book Shop.
 38897 | Orc:2    | Found Esku's General Store.
 38903 | Orc:2    | Bought a scroll of identify for 30 gold pieces
 39070 | Orc:2    | Bought a shiny kite shield for 217 gold pieces
 39166 | D:8      | Bought a scroll of teleportation for 48 gold pieces
 39166 | D:8      | Bought a scroll of fear for 56 gold pieces
 39374 | D:7      | Bought a +1 cloak of preservation for 231 gold pieces
 39546 | D:12     | Identified a scroll of acquirement
 39551 | D:12     | Acquired a manual of Throwing
 40454 | D:12     | Found a portal to a secret trove of treasure.
 40459 | D:12     | Reached skill level 1 in Shields
 41159 | D:13     | Noticed Josephine
 41170 | D:13     | Killed Josephine
 41891 | D:14     | Found a flagged portal.
 41920 | Bailey   | Entered a bailey
 41925 | Bailey   | Noticed an orc warlord
 41973 | Bailey   | Received a gift from Trog
 41999 | Bailey   | Found a runed translucent gate.
 42001 | Bailey   | Found a runed translucent gate.
 42003 | Bailey   | Found a runed translucent gate.
 42204 | Bailey   | Identified the +4 shortbow of the Blessed Realm {flame,
                  | rN++ Dex+3}
 42219 | Bailey   | Killed an orc warlord
 42357 | D:14     | Found a frozen archway.
 42384 | D:14     | Reached skill level 5 in Shields
 42392 | IceCv    | Entered an ice cave
 42935 | IceCv    | Reached XP level 16. HP: 174/176 MP: 16/16
 43005 | IceCv    | Reached skill level 10 in Axes
 43848 | IceCv    | Received a gift from Trog
 43866 | IceCv    | - one rotten teleport
 44053 | IceCv    | - wait two of them?
 44670 | D:14     | Found an ancient bone altar of Kikubaaqudgha.
 44691 | D:14     | You fall into a shaft and drop 1 floor!
 44691 | D:15     | Entered Level 15 of the Dungeon
 46775 | D:14     | Found a gate to the Vaults.
 47172 | D:14     | Acquired 1095 gold pieces
 47173 | D:14     | Acquired the ring of the Wizarding Madman {+Blink rC+ rN++
                  | rCorr Int-4}
 47174 | D:14     | Acquired a +1 kite shield of protection
 47391 | Snake:1  | Entered Level 1 of the Snake Pit
 48106 | Snake:1  | Noticed Jorgrun
 48567 | Snake:2  | Found a transporter.
 48582 | Snake:2  | Noticed 0gre's ghost (adept GnIE)
 48853 | Snake:2  | Reached skill level 16 in Fighting
 49276 | Snake:2  | Found a transporter.
 49579 | Snake:2  | Reached XP level 17. HP: 73/187 MP: 17/17
 49580 | Snake:2  | Received a gift from Trog
 50569 | Snake:3  | Found Ublufuhi's Armour Shop.
 50574 | Snake:3  | Found Jilaqa's Distillery.
 50581 | Snake:3  | Bought a potion of heal wounds for 75 gold pieces
 52523 | Snake:4  | Entered Level 4 of the Snake Pit
 54240 | Snake:4  | Reached skill level 17 in Fighting
 54264 | Snake:4  | Received a gift from Trog
 54289 | Snake:4  | Noticed Aizul
 54320 | Snake:4  | Mangled by a naga warrior

Illustrated notes ....# #...##............# ##### #########.........# ####### #.........# ......# #.........# ......# #.........# ......# #...z.....# ......# #........(# ......# #.........# ......# #.........# ####### #.######### ########@# ≈≈≈≈≈≈≈ww# ##≈#≈#≈≈.# ≈.≈..# ≈......# .........# ########## Turn 5540 on D:5: - whoops

.....)..........o,,,,,,,,,,,,,...
#...)............,,,_,,,,,,,,....
.................,,,,,,,,,,,,...*
.............8o..,,,,,,,,,,8,...#
..#........#####,,......o****#...
............#**,,,.......,***,...
............#*,,,*.....#,,,***.##
...........##,,{**.....#*,,,*####
...........#,,,***8.o.8#**,,,#...
...........#∩,####.{...#***,∩#...
...#......#####.@#.....#..***##..
...#.....###....)).(((....####...
..##..#.####...............#.....
###...### #.....................#
##.#######.....................
#####.###.....................
#...#...............$.....#
##......#............#....#
#.......#................#
#........................#
##...............#....#.##


Turn 38099 on Orc:2: - man urug has the nicest weapons ##.....##..###
.#####......## ..#####.###..# #...#####...## ###..####..## ###.....## ###..##
#...## # ###..# ###### # ##...## ##.#°.## # #..### ##.°°○.@## ######
##..####°☼§§§°.u####....# ##..###...☼§§§.°○.C∩...#..{#
#..####....○°○○...#######....# ##.≈≈#####§.####### ###... ####≈≈#≈≈≈##...# uu
##≈≈≈≈#≈..# k #≈#≈#≈≈.### #≈#####....# ### ...#..# 8.### ## Turn 43866 on IceCv:
- one rotten teleport #### #..## ....## ###### ☼.§C.####....## ○☼.....∩...#...##
......#######....### ####### ###...## #{{{### #{..### ..##{.## ##....# #####{.#
##.....# ...#..##########@...### .#..#...##...##...### ########...##...###
########## Turn 44053 on IceCv: - wait two of them?

Levels and vault maps discovered:
D:1:      enne_arrival_octagon_isle, layout_basic,
          hellmonk_ecumenical_altar_watching_god, minivault_11
D:2:      layout_loops_ring, feat_on_display
D:3:      layout_basic, mainiacjoe_overflow_paths,
          nicolae_qazlal_style_of_elements, zin_academy, grunt_ministairs_14
D:4:      layout_basic, minmay_temple_entry_statues_pillars
D:5:      minmay_inner_zag, layout_basic, lightli_sewer_entry_pipes
D:6:      layout_basic, demons_altar, mainiacjoe_overflow_cross_hatched,
          uniq_edmund
D:7:      layout_basic, serial_shops, nicolae_shop_crystal, nicolae_shop_trees,
          nicolae_shop_behind_doors, shop_statue, nicolae_inconvenience_store,
          uniq_pikel
D:8:      layout_basic, serial_shops, shop, uniq_harold
D:9:      layout_long_grid, orc_david_3, minivault_13
D:10:     layout_gridville, mainiacjoe_overflow_tiny_flanked, laboratory
D:11:     layout_basic, lair_entry_dummy, nzn_random_ring, uniq_nergalle,
          uniq_sonja
D:12:     layout_roguey, nicolae_trove_entry_path_of_doom
D:13:     layout_rooms, uniq_josephine
D:14:     layout_roguey, lightli_vaults_fourway_checkpoint, enter_bailey_6,
          nicolae_lava_and_water, portal_ice_cave_entry_ugly_swarm,
          kennysheep_donut, kiku_gazebo_garden_becter
D:15:     gammafunk_depths_entry_grave, layout_basic,
          nicolae_vehumet_altar_sigil, grunt_dithmenos_smoke_and_mirrors
Lair:1:   layout_gridlike, basic_altar, uniq_maggie
Lair:2:   layout_layer_cave, serial_bayou_shore_a, minmay_lair_oklob_chamber,
          serial_bayou_shore_b
Lair:3:   layout_cellular_growth, elwin_shoals_entry_stream, basic_altar,
          minivault_25, lemuel_fruit_fields, lemuel_fruit_fields,
          infiniplex_staircase_pool
Lair:4:   gammafunk_worm_tunnel, layout_cave_pods,
          minmay_snake_entry_guardpost_large
Lair:5:   layout_hall_layers, minmay_slime_entry_oklob_enclosed, minivault_19,
          disabler_island
Lair:6:   hangedman_lair_caniforms_friends, layout_layer_cave,
          guppyfry_lair_end_dragon
Snake:1:  layout_grid_shapes, nicolae_snake_storage_room, uniq_jorgrun
Snake:2:  layout_basic, gammafunk_ghost_arena, serial_curves, eino_curves_04,
          eino_curves_03, uniq_vashnia
Snake:3:  layout_layer_cave, grunt_megastairs_2, serial_bayou_shore_b,
          minmay_shop_star
Snake:4:  minmay_snake_end_coiled, layout_layer_cave, uniq_aizul
Orc:1:    layout_diamond_mine, serial_shops, shop, nicolae_square_shop,
          nicolae_orc_rockfall
Orc:2:    grunt_orc_cross, layout_diamond_mine, gauntlet_entry_generic,
          serial_shops, nicolae_square_shop, uniq_rupert

Skill      XL: |  1  2  3  4  5  6  7  8  9 10 11 12 13 14 15 16 17 |
---------------+----------------------------------------------------+-----
Axes           | 4 5 6 7 9 10 | 10.4
Fighting       | 5 6 7 10 14 15 16 17 | 17.2
Dodging        | 6 9 |  9.0
Maces & Flails | 3 7 9 10 12 13 14 | 14.0
Evocations     | 6 9 |  9.0
Armour         | 4 6 7 9 |  9.0
Throwing       | 7 9 |  9.0
Shields        | 5 9 |  9.0

Action                   |  1- 3 |  4- 6 |  7- 9 | 10-12 | 13-15 | 16-18 || total
-------------------------+-------+-------+-------+-------+-------+-------++-------
Melee: Hand axe          |   104 |   133 |   470 |   718 |  1053 |    21 ||  2499
       Dire flail        |       |       |       |       |   425 |       ||   425
       Eveningstar       |       |       |       |       |     4 |   526 ||   530
       War axe           |       |       |       |       |       |     3 ||     3
Throw: Stone             |    11 |     3 |    23 |    63 |    30 |       ||   130
       Boomerang         |       |     1 |       |     6 |    85 |   210 ||   302
       Dart              |       |     6 |    24 |    20 |   134 |    18 ||   202
       Javelin           |       |       |       |       |     4 |       ||     4
       Large rock        |       |       |       |       |     5 |    35 ||    40
Invok: Berserk           |       |     2 |     4 |     1 |       |       ||     7
       Trog's Hand       |       |     1 |     1 |     5 |    14 |     4 ||    25
       Brothers in Arms  |       |       |       |     2 |     7 |     3 ||    12
Evoke: Wand              |       |     2 |     3 |    14 |    17 |     5 ||    41
       Box of beasts     |       |       |       |       |       |     1 ||     1
       Phantom mirror    |       |       |       |       |       |     1 ||     1
  Use: Scroll            |       |     8 |     3 |     9 |    13 |     8 ||    41
       Potion            |       |       |     3 |     4 |    11 |     3 ||    21
 Stab: Sleeping          |       |     3 |       |     2 |    11 |    11 ||    27
       Paralysed         |       |       |       |     1 |     8 |       ||     9
       Distracted        |       |       |       |     1 |     2 |     2 ||     5
       Petrified         |       |       |       |       |     5 |       ||     5
       Petrifying        |       |       |       |       |     1 |       ||     1
       Invisible         |       |       |       |       |     1 |       ||     1
Armor: Animal skin       |    33 |    37 |    78 |     9 |       |       ||   157
       Robe              |       |       |       |    72 |     1 |       ||    73
       Acid dragon scale |       |       |       |       |   351 |   130 ||   481
Dodge: Dodged            |    55 |    79 |   221 |   275 |   616 |   159 ||  1405
Block: Kite shield       |       |       |       |       |     1 |   319 ||   320
